Cogmind - Beta 11.1 @@@ ROGUE MODE // 2022.11.16 @ 19:25:09 Player: Themeralderp Result: Self-destructed Performance ------------- Evolutions (4) 2000 Regions Visited (13) 2600 Robots Destroyed (93) 465 Value Destroyed (2357) 2357 Prototype IDs (50) 1000 Alien Tech Used (0) 0 Bonus (298) 298 TOTAL SCORE: 8720 Bonus ------- Follower Combat Kills 174 Met Data Miner 300 Friendly Fire -176 Cogmind --------- Core Integrity 421/850 Matter 280/300 Energy 56/290 System Corruption 0% Temperature Cool (63) Movement Core (550) Ox10 Location -6/Factory Parts ------- > --- POWER (1) -------- Improved Deuterium Engine > --- PROPULSION (5) --- Cooled VTOL Module Makeshift Flight Unit > --- UTILITY (7) ------ Medium Storage Unit Advanced Visual Processing Unit Improved Sensor Array Hacking Suite Hacking Suite System Shield > --- WEAPON (2) ------- Thermic Laser Improved EM Pulse Cannon > --- INVENTORY (10) --- Light Fission Core Layered Light Armor Plating Layered Light Armor Plating Layered Light Armor Plating Layered Light Armor Plating System Shield High-powered Shock Rifle Makeshift Hammer Peak State ------------ > --- POWER ------------ Heavy Antimatter Reactor > --- PROPULSION ------- Improved Heavy Treads Cooled VTOL Module Makeshift Flight Unit Makeshift Flight Unit > --- UTILITY ---------- Medium Storage Unit Gravity Neutralizer Advanced Visual Processing Unit Improved Sensor Array Hacking Suite Hacking Suite System Shield > --- WEAPON ----------- Force Rifle Makeshift Hammer > --- INVENTORY -------- Light Deuterium Engine Improved Deuterium Engine Transmission Jammer Layered Light Armor Plating Layered Light Armor Plating System Shield High-powered Shock Rifle Thermic Laser Force Rifle Improved EM Pulse Cannon [Rating: 71] Favorites ----------- Power Light Ion Engine Engine Light Ion Engine Power Core Micro Nuclear Core Reactor Heavy Antimatter Reactor Propulsion Wheel Treads Advanced Treads Leg Carbon-fiber Leg Wheel Wheel Hover Unit Hover Unit Flight Unit Makeshift Flight Unit Utility Hacking Suite Device Seismic Detector Storage Medium Storage Unit Processor Makeshift Salvage Targeting Computer Hackware Hacking Suite Protection Improved Medium Armor Plating Weapon Minigun Energy Gun Shock Rifle Energy Cannon Light EM Pulse Cannon Ballistic Gun Minigun Ballistic Cannon Flak Cannon Launcher Shock Bomb Launcher Impact Weapon Makeshift Hammer Special Melee Weapon Datajack Build | -11 -10 -10 -10 -9 -8 -7 -7 -7 -7 -6 -6 -6 -6 ------- Run | Scr Mat Min Exi Min Mat Fac Low Low Dat Pro Fac Was Fac Slots Evolved 8 | . . . . . 4 2 . . . . 2 . . Power . | . . . . . . . . . . . . . . Propulsion 3 | . . . . . 2 . . . . . 1 . . Utility 5 | . . . . . 2 2 . . . . 1 . . Weapon . | . . . . . . . . . . . . . . Parts Attached 181 | 8 16 7 9 5 33 25 8 14 . 3 42 1 10 Power 21 | 1 3 1 . 1 5 2 . 1 . 1 2 . 4 Engine 15 | 1 3 1 . 1 3 1 . . . . 2 . 3 Core 5 | . . . . . 2 1 . 1 . 1 . . . Reactor 1 | . . . . . . . . . . . . . 1 Propulsion 58 | 3 5 . . 2 18 7 2 6 . 2 12 1 . Treads 8 | . . . . . 5 1 1 . . . . 1 . Leg 1 | . . . . . 1 . . . . . . . . Wheel 14 | 3 5 . . 2 4 . . . . . . . . Hover 15 | . . . . . 8 6 . . . . 1 . . Flight 20 | . . . . . . . 1 6 . 2 11 . . Utility 37 | 2 3 5 3 2 3 7 2 1 . . 9 . . Device 18 | 1 1 5 3 2 . 2 . 1 . . 3 . . Storage 4 | 1 1 . . . 1 . . . . . 1 . . Processor 5 | . 1 . . . 2 1 . . . . 1 . . Hackware 6 | . . . . . . 3 1 . . . 2 . . Protection 4 | . . . . . . 1 1 . . . 2 . . Artifact . | . . . . . . . . . . . . . . Weapon 65 | 2 5 1 6 . 7 9 4 6 . . 19 . 6 Energy Gun 19 | 2 . . 2 . 2 . 1 . . . 8 . 4 Energy Cannon 6 | . 3 . 1 . 1 . . . . . . . 1 Ballistic Gun 31 | . 2 1 2 . 3 7 2 5 . . 9 . . Ballistic Cannon 2 | . . . . . 1 . . . . . 1 . . Launcher 1 | . . . . . . 1 . . . . . . . Special Weapon . | . . . . . . . . . . . . . . Impact Weapon 3 | . . . . . . . . 1 . . 1 . 1 Slashing Weapon . | . . . . . . . . . . . . . . Piercing Weapon . | . . . . . . . . . . . . . . Special Melee Weapon 3 | . . . 1 . . 1 1 . . . . . . Unidentified Prototypes 4 | . . . 1 . . . . . . . 2 . 1 Corrupted Parts 1 | . 1 . . . . . . . . . . . . System Corruption 4 | . 4 . . . . . . . . . . . . Parts Lost 34 | . 3 . . 1 5 . 8 . . 2 10 . 5 Power 7 | . 2 . . . 1 . . . . 1 2 . 1 Propulsion 15 | . 1 . . 1 3 . 4 . . 1 3 . 2 Utility 7 | . . . . . . . 3 . . . 3 . 1 Weapon 5 | . . . . . 1 . 1 . . . 2 . 1 Highest Loss Streak 8 | . 3 . . 1 1 . 7 . . 1 8 . 4 To Critical Strikes . | . . . . . . . . . . . . . . Average Slot Usage (%) 90 | . 99 100 99 100 95 89 72 68 84 78 80 87 87 Engine 6 | . 13 14 14 14 8 . . . . . 2 6 5 Core 1 | . . . . . . 6 3 5 7 2 3 . . Treads 4 | . . . . . 16 6 3 . . . . 5 3 Wheel 10 | . 27 28 28 28 7 . . . . . . . . Hover 5 | . . . . . 8 22 15 . . . . . . Flight 7 | . . . . . . . 1 23 30 29 22 20 19 Device 9 | . 14 14 14 14 9 6 4 3 7 7 6 13 12 Storage 8 | . 14 14 14 14 9 7 6 . . . 3 6 6 Processor 7 | . . . . . 17 7 7 7 7 7 7 6 6 Hackware 8 | . . . . . . 22 18 15 15 15 17 20 20 Energy Gun 3 | . 4 . 4 14 6 . . 1 . . 2 6 10 Energy Cannon 3 | . 11 14 8 . . . . . . . . . . Ballistic Gun 10 | . 12 14 14 14 10 4 6 11 15 15 7 1 . Naked Turns . | . . . . . . . . . . . . . . Heaviest Build 30 | 12 21 21 24 20 27 25 23 14 14 14 30 30 30 Greatest Support 42 | 26 20 20 20 20 42 25 25 24 24 24 33 33 33 Greatest Overweight (x) 4 | . 1 1 1 . 3 1 1 1 . 1 4 . 1 Average Overweight (x) . | . . 1 . . . . . . . . . . . Largest Inventory Capacity 10 | 8 10 10 10 10 10 10 10 5 5 5 10 10 10 Average Capacity 8 | 7 8 10 10 10 10 10 9 5 5 5 8 10 10 Most Carried 10 | 8 10 10 10 10 10 10 10 5 5 5 10 8 10 Average Carried 8 | 4 8 10 9 9 9 9 8 4 5 4 5 6 8 Final Capacity 10 | 8 10 10 10 10 10 10 5 5 5 5 10 10 10 Final Carried 10 | 8 10 10 10 9 10 10 3 5 5 5 6 7 8 Class Distribution -------------------- 40% | Scavenger-Mutant 26% | Hacker-Mutant 16% | Mutant 13% | Derelict-Mutant Dominant Class ---------------- Mutant | -10/Materials Scavenger-Mutant | -10/Mines Scavenger-Mutant | -10/Exiles Scavenger-Mutant | -9/Mines Scavenger-Mutant | -8/Materials Hacker-Mutant | -7/Factory Hacker-Mutant | -7/Lower Caves Derelict-Mutant | -7/Lower Caves Derelict-Mutant | -7/Data Miner Derelict-Mutant | -6/Proximity Caves Hacker-Mutant | -6/Factory Hacker-Mutant | -6/Waste Hacker-Mutant | -6/Factory Resources | -11 -10 -10 -10 -9 -8 -7 -7 -7 -7 -6 -6 -6 -6 ----------- Run | Scr Mat Min Exi Min Mat Fac Low Low Dat Pro Fac Was Fac Matter Collected 3070 | 280 299 42 274 118 676 304 98 297 . 86 503 . 93 Remotely 44 | . . . . 44 . . . . . . . . . Salvage Created 4517 | 212 589 172 366 26 1323 318 30 141 . 88 1032 . 220 Parts 248 | 19 37 12 17 . 90 17 3 10 . 3 37 . 3 Haulers Intercepted 4 | . 2 . . . 2 . . . . . . . . Recyclers Shooed 7 | . 2 . . . . . . . . . 5 . . Parts Field Recycled . | . . . . . . . . . . . . . . Retrieved Matter . | . . . . . . . . . . . . . . Parts Self-Destructed 14 | . . . . . . . 2 7 . 5 . . . Prevented . | . . . . . . . . . . . . . . Kills | -11 -10 -10 -10 -9 -8 -7 -7 -7 -7 -6 -6 -6 -6 ------- Run | Scr Mat Min Exi Min Mat Fac Low Low Dat Pro Fac Was Fac Combat Hostiles Destroyed 53 | . 8 5 . 2 15 5 1 4 . 3 7 . 3 Guns 39 | . 3 2 . 2 15 2 1 4 . 3 7 . . Cannons 7 | . 4 3 . . . . . . . . . . . AOE 4 | . 1 . . . . 3 . . . . . . . Classes Destroyed 15 | 3 6 . 1 1 1 1 . 1 . . 1 . . Worker 5 | 2 2 . . . . . . . . . . . 1 Builder 6 | . 4 . . . 1 . . . . . . . 1 Tunneler 7 | 5 . 1 . . 1 . . . . . . . . Hauler 4 | . 2 . . . 2 . . . . . . . . Recycler 10 | 1 1 . . . 3 1 . . . . 4 . . Minesweeper 1 | . . . . . . . . 1 . . . . . Mechanic 1 | . 1 . . . . . . . . . . . . Operator 3 | . 1 . . . 2 . . . . . . . . Watcher 4 | . . . . . . 1 . . . . 2 . 1 Swarmer 19 | . 3 3 . . . 4 1 4 . 3 1 . . Grunt 20 | . 5 2 . . 7 . . . . . 4 . 2 Duelist 2 | . . . . . . . . . . . 1 . 1 Sentry 7 | . . . . . 6 1 . . . . . . . Hunter 4 | . . . 1 . 2 . . . . . 1 . . Assembled 2 | . . . . 2 . . . . . . . . . Best Kill Streak 11 | 5 11 3 . 1 7 4 1 4 . 2 4 . 4 Combat Bots Only 6 | . 5 3 . 1 6 4 1 4 . 2 3 . 3 Max Kills in Single Turn 3 | 1 2 1 1 1 2 3 1 1 . 1 1 . 2 Gunslinging . | . . . . . . . . . . . . . . Exploded 3 | . 1 . . . . 3 . . . . . . . Melee . | . . . . . . . . . . . . . . Uniques/NPCs Destroyed . | . . . . . . . . . . . . . . Combat | -11 -10 -10 -10 -9 -8 -7 -7 -7 -7 -6 -6 -6 -6 -------- Run | Scr Mat Min Exi Min Mat Fac Low Low Dat Pro Fac Was Fac Damage Taken 5256 | . 558 79 . 206 874 341 918 137 . 328 984 46 785 Core 1175 | . 144 38 . 43 94 50 204 79 . 94 105 . 324 Absorbed by Shields . | . . . . . . . . . . . . . . Regen/Repaired (Parts) 20 | . . . . . . . . . . . 20 . . Core Remaining (%) 57 | 100 . . . 10 82 . . . . 39 . . . Volleys Fired 270 | 16 40 8 31 8 61 14 12 11 . 9 52 . 8 Largest 2 | 2 2 2 2 2 2 2 2 2 . 2 2 . 2 Hottest 165 | 90 112 79 79 73 94 50 50 75 . 66 115 . 165 Shots Fired 517 | 32 80 16 61 16 122 25 24 22 . 18 87 . 14 Gun 459 | 32 53 8 44 16 119 23 24 22 . 18 87 . 13 Cannon 56 | . 27 8 17 . 3 . . . . . . . 1 Launcher 2 | . . . . . . 2 . . . . . . . Special . | . . . . . . . . . . . . . . Kinetic 303 | . 35 8 32 8 84 23 24 20 . 18 51 . . Thermal 98 | 32 18 . . . 35 . . . . . . . 13 Explosive . | . . . . . . . . . . . . . . Electromagnetic 116 | . 27 8 29 8 3 2 . 2 . . 36 . 1 Robot Hit Streak 22 | 5 12 6 9 2 14 7 6 3 . 5 22 . 1 Robot Miss Streak 6 | 2 6 2 3 6 2 2 4 4 . 4 1 . 6 Penetration Max . | . . . . . . . . . . . . . . Secondary Targets 1 | . . . . . . . . . . . 1 . . Max Gunslinging Chain 1 | . . . . . . . . . . . 1 . . Shots Hit Robots 356 | 18 55 11 46 6 88 18 14 10 . 9 72 . 9 Core Hits 172 | 9 27 7 23 4 40 18 3 5 . 3 31 . 2 Critical Kills 2 | . . . 1 . . . . 1 . . . . . Critical Parts Destroyed 6 | . 1 . . . 2 2 . . . . . . 1 Critical Strikes 19 | 3 4 . 2 . 6 2 . 1 . . . . 1 Burn 9 | 3 2 . . . 4 . . . . . . . . Destroy 7 | . 1 . 1 . 2 2 . 1 . . . . . Corrupt 2 | . 1 . 1 . . . . . . . . . . Smash 1 | . . . . . . . . . . . . . 1 Melee Attacks 18 | . . . 1 . . 1 1 . . . 1 . 14 Impact 15 | . . . . . . . . . . . 1 . 14 Slashing . | . . . . . . . . . . . . . . Piercing . | . . . . . . . . . . . . . . Sneak Attacks 1 | . . . 1 . . . . . . . . . . Combat Hostiles 1 | . . . 1 . . . . . . . . . . Follow-up Attacks . | . . . . . . . . . . . . . . Damage Inflicted 7567 | 225 1305 189 662 102 1500 548 232 222 . 266 1535 . 781 Guns 5264 | 225 473 63 438 86 1434 272 227 222 . 266 1535 . 23 Cannons 938 | . 522 126 224 . 66 . . . . . . . . Explosions 930 | . 310 . . . . 276 . . . . . . 344 Melee 414 | . . . . . . . . . . . . . 414 Ramming 21 | . . . . 16 . . 5 . . . . . . Kinetic 3641 | . 304 63 331 56 1023 272 227 222 . 266 877 . . Thermal 1503 | 225 479 . . . 432 . . . . . . . 367 Explosive . | . . . . . . . . . . . . . . Electromagnetic 1988 | . 522 126 331 30 45 276 . . . . 658 . . Impact 414 | . . . . . . . . . . . . . 414 Slashing . | . . . . . . . . . . . . . . Piercing . | . . . . . . . . . . . . . . Highest Corruption 5 | . 4 4 4 4 5 . . . . . . . . Average Corruption 4 | . 4 4 4 4 4 . . . . . . . . Corruption Purged . | . . . . . . . . . . . . . . Corruption Blocked . | . . . . . . . . . . . . . . Effects 47 | . 5 5 18 3 16 . . . . . . . . Message Errors 8 | . . 1 2 1 4 . . . . . . . . Matter Fused 14 | . 3 2 5 1 3 . . . . . . . . Heat Flow Errors 4 | . . . 2 . 2 . . . . . . . . Energy Discharges 5 | . . . 2 1 2 . . . . . . . . Data Loss (minor) 5 | . 1 2 1 . 1 . . . . . . . . Data Loss (major) 4 | . 1 . 2 . 1 . . . . . . . . Misfires 3 | . . . 2 . 1 . . . . . . . . Alerts 1 | . . . . . 1 . . . . . . . . Weapon Failures 3 | . . . 2 . 1 . . . . . . . . Overload Shots . | . . . . . . . . . . . . . . Overflow Damage 216 | . 22 . . . . . . . . . . . 194 Projectiles 19 | . 19 . . . . . . . . . . . . Explosions 43 | . 3 . . . . . . . . . . . 40 Melee 154 | . . . . . . . . . . . . . 154 Knockbacks 3 | . . . . . . . . . . . . . 3 Impact 2 | . . . . . . . . . . . . . 2 Kinetic . | . . . . . . . . . . . . . . Secondary 1 | . . . . . . . . . . . . . 1 Self-Inflicted Damage 174 | . 139 . . 8 . 25 2 . . . . . . Shots 6 | . 5 . . . . 1 . . . . . . . Rammed 3 | . . . . 1 . . 2 . . . . . . Targets Rammed 3 | . . . . 1 . . 2 . . . . . . Kicked . | . . . . . . . . . . . . . . Crushed . | . . . . . . . . . . . . . . Highest Temperature 256 | 75 184 72 256 60 235 18 15 16 . . 184 . 233 Average Temperature 48 | 29 58 35 47 27 54 10 4 5 . . 45 . 120 Received Heat Transfer 1263 | . 204 18 . . 279 66 468 9 . . 165 . 54 Siege Activations . | . . . . . . . . . . . . . . Robots Corrupted 1 | . 1 . . . . . . . . . . . . Combat Hostiles . | . . . . . . . . . . . . . . Parts Fried 16 | . 2 . . . 1 . . . . . 9 . 4 Impact Corruptions 5 | . . . . . . . . . . . . . 5 Robots Melted . | . . . . . . . . . . . . . . Combat Hostiles . | . . . . . . . . . . . . . . Parts Melted 3 | 1 . . . . 1 . . . . . . . 1 Heat Transferred 3442 | 817 1030 . . . 1258 . . . . . . . 337 Parts Sabotaged . | . . . . . . . . . . . . . . Parts Stolen 1 | . . . . . . . 1 . . . . . . Parts Stripped . | . . . . . . . . . . . . . . Power Chain Reactions 5 | . 5 . . . . . . . . . . . . Missiles Intercepted . | . . . . . . . . . . . . . . Alert | -11 -10 -10 -10 -9 -8 -7 -7 -7 -7 -6 -6 -6 -6 ------- Run | Scr Mat Min Exi Min Mat Fac Low Low Dat Pro Fac Was Fac Peak Influence 339 | 40 339 195 . 45 319 315 . . . . 171 74 256 Initial 100 | . 26 70 . . 17 100 . . . . 8 59 51 Average 127 | 17 149 137 . 20 176 135 . . . . 71 71 128 Maximum Alert Level 1 | . 1 . . . 1 1 . . . . . . 1 Low Security (%) 82 | 100 83 100 . 100 50 95 . . . . 100 100 87 Level 1 17 | . 16 . . . 49 4 . . . . . . 12 Level 2 . | . . . . . . . . . . . . . . Level 3 . | . . . . . . . . . . . . . . Level 4 . | . . . . . . . . . . . . . . Level 5 . | . . . . . . . . . . . . . . High Security . | . . . . . . . . . . . . . . Max Security . | . . . . . . . . . . . . . . Squads Dispatched 5 | . 1 . . . 3 . . . . . . . 1 Investigation 1 | . . . . . 1 . . . . . . . . Extermination . | . . . . . . . . . . . . . . Reinforcement 4 | . 1 . . . 2 . . . . . . . 1 Assault . | . . . . . . . . . . . . . . Garrison . | . . . . . . . . . . . . . . Intercept . | . . . . . . . . . . . . . . Searches Triggered . | . . . . . . . . . . . . . . Construction Impeded 1 | . . . . . . . . . . . . . 1 Haulers Reinforced . | . . . . . . . . . . . . . . Active Scanning Responses . | . . . . . . . . . . . . . . Cargo Convoy Interrupts . | . . . . . . . . . . . . . . Stealth | -11 -10 -10 -10 -9 -8 -7 -7 -7 -7 -6 -6 -6 -6 --------- Run | Scr Mat Min Exi Min Mat Fac Low Low Dat Pro Fac Was Fac Distress Signals 5 | . 1 . . . . 1 . . . . 2 . 1 Communications Jammed . | . . . . . . . . . . . . . . Distress Signals . | . . . . . . . . . . . . . . Times Spotted 123 | . 13 5 . 16 28 6 9 9 . 12 14 4 7 Peak Tracking Total 14 | . 4 3 . 14 6 4 7 8 . 4 5 4 3 Tactical Retreats 12 | . 1 . . 2 3 . 2 2 . . 1 1 . Traps | -11 -10 -10 -10 -9 -8 -7 -7 -7 -7 -6 -6 -6 -6 ------- Run | Scr Mat Min Exi Min Mat Fac Low Low Dat Pro Fac Was Fac Traps Triggered 7 | . 1 . . . 4 1 . . . . 1 . . Indirectly . | . . . . . . . . . . . . . . Trap Hack Attempts . | . . . . . . . . . . . . . . Triggered . | . . . . . . . . . . . . . . Disarmed . | . . . . . . . . . . . . . . Reprogrammed . | . . . . . . . . . . . . . . Reused . | . . . . . . . . . . . . . . Traps Extracted . | . . . . . . . . . . . . . . Installed . | . . . . . . . . . . . . . . Triggered 1 | . . . . . . . . 1 . . . . . Machines | -11 -10 -10 -10 -9 -8 -7 -7 -7 -7 -6 -6 -6 -6 ---------- Run | Scr Mat Min Exi Min Mat Fac Low Low Dat Pro Fac Was Fac Machines Disabled 10 | . 1 . . . 1 3 . . . . 1 . 4 Max in Single Turn 3 | . 1 . . . 1 1 . . . . 1 . 3 Machines Sabotaged . | . . . . . . . . . . . . . . Garrisons Compromised . | . . . . . . . . . . . . . . Overloaded Fab Kills . | . . . . . . . . . . . . . . Hacking | -11 -10 -10 -10 -9 -8 -7 -7 -7 -7 -6 -6 -6 -6 --------- Run | Scr Mat Min Exi Min Mat Fac Low Low Dat Pro Fac Was Fac Machines Accessed 27 | . 3 . 1 1 4 6 . 1 2 . 7 . 2 Terminals 17 | . 2 . . 1 4 4 . . . . 4 . 2 Fabricators 3 | . . . . . . 2 . . . . 1 . . Repair Stations 2 | . 1 . . . . . . . . . 1 . . Recycling Units . | . . . . . . . . . . . . . . Scanalyzers 1 | . . . . . . . . . . . 1 . . Garrison Access . | . . . . . . . . . . . . . . Total Hacks 107 | . 11 . 1 3 14 22 . 1 21 . 24 . 10 Successful 71 | . 4 . 1 2 8 11 . 1 21 . 17 . 6 Failed 34 | . 6 . . 1 6 11 . . . . 7 . 3 Catastrophic 6 | . . . . 1 3 1 . . . . 1 . . Database Lockouts 2 | . 1 . . . . . . . . . . . 1 Manual 25 | . 6 . 2 1 3 7 . . . . 2 . 4 Terminals 66 | . 9 . . 3 14 17 . . . . 13 . 10 Fabricators 9 | . . . . . . 5 . . . . 4 . . Repair Stations 4 | . 2 . . . . . . . . . 2 . . Recycling Units . | . . . . . . . . . . . . . . Scanalyzers 5 | . . . . . . . . . . . 5 . . Garrison Access . | . . . . . . . . . . . . . . Terminal Hacks 58 | . 3 . 1 2 8 8 . 1 21 . 8 . 6 Record 4 | . . . . 2 . . . . . . 2 . . Part Schematic 14 | . . . . . . . . . 13 . . . 1 Robot Schematic 5 | . . . . . . . . . 5 . . . . Robot Analysis 4 | . . . . . 1 2 . . . . . . 1 Prototype ID Bank 12 | . 2 . . . 4 2 . . 3 . 1 . . Open Door 1 | . . . . . . . . 1 . . . . . Open DSF 2 | . . . . . . 1 . . . . 1 . . Alert Level 1 | . . . . . 1 . . . . . . . . Locate Traps 5 | . . . . . 1 . . . . . 2 . 2 Recall Reinforcements 1 | . . . . . . . . . . . . . 1 Hauler Manifests 2 | . . . . . . . . . . . 1 . 1 Registered Components 3 | . 1 . . . . 1 . . . . 1 . . Zone Layout 3 | . . . . . 1 2 . . . . . . . EX-Prototype ID Bank 1 | . . . 1 . . . . . . . . . . Fabricator Hacks 4 | . . . . . . 2 . . . . 2 . . Network Status 2 | . . . . . . 1 . . . . 1 . . Build 2 | . . . . . . 1 . . . . 1 . . Repair Station Hacks 3 | . 1 . . . . . . . . . 2 . . Scan Component 2 | . 1 . . . . . . . . . 1 . . Repair 1 | . . . . . . . . . . . 1 . . Recycling Unit Hacks . | . . . . . . . . . . . . . . Scanalyzer 4 | . . . . . . . . . . . 4 . . Insert Component 2 | . . . . . . . . . . . 2 . . Analyze 2 | . . . . . . . . . . . 2 . . Garrison Access Hacks . | . . . . . . . . . . . . . . Unauthorized Hacks 2 | . . . . . . 1 . . . . 1 . . Terminals . | . . . . . . . . . . . . . . Fabricators 2 | . . . . . . 1 . . . . 1 . . Report 2 | . . . . . . 1 . . . . 1 . . Repair Stations . | . . . . . . . . . . . . . . Recycling Units . | . . . . . . . . . . . . . . Scanalyzers . | . . . . . . . . . . . . . . Garrison Access . | . . . . . . . . . . . . . . Data Cores Recovered . | . . . . . . . . . . . . . . Used . | . . . . . . . . . . . . . . Hacking Detections 18 | . 3 . . 1 3 4 . . . . 6 . 1 Full Trace Events 2 | . . . . 1 1 . . . . . . . . Feedback Events . | . . . . . . . . . . . . . . Feedback Blocked . | . . . . . . . . . . . . . . Robot Schematics Acquired 5 | . . . . . . . . . 5 . . . . Robots Built 4 | . . . . . . 1 . . . . 3 . . Authchips . | . . . . . . . . . . . . . . Time 107 | . . . . . . 40 . . . . 67 . . Total Robot Build Rating 13 | . . . . . . 1 . . . . 12 . . Part Schematics Acquired 16 | . . . . . . . . . 13 . 2 . 1 Parts Built . | . . . . . . . . . . . . . . Authchips . | . . . . . . . . . . . . . . Time . | . . . . . . . . . . . . . . Total Part Build Rating . | . . . . . . . . . . . . . . Parts Repaired 1 | . . . . . . . . . . . 1 . . Time 44 | . . . . . . . . . . . 44 . . Parts Recycled . | . . . . . . . . . . . . . . Recycled Matter . | . . . . . . . . . . . . . . Retrieved Matter . | . . . . . . . . . . . . . . Retrieved Components . | . . . . . . . . . . . . . . Parts Scanalyzed 2 | . . . . . . . . . . . 2 . . Part Schematics Acquired 2 | . . . . . . . . . . . 2 . . Parts Damaged 1 | . . . . . . . . . . . 1 . . Bothacking | -11 -10 -10 -10 -9 -8 -7 -7 -7 -7 -6 -6 -6 -6 ------------ Run | Scr Mat Min Exi Min Mat Fac Low Low Dat Pro Fac Was Fac Used RIF Installer . | . . . . . . . . . . . . . . Robots Hacked 1 | . . . . . . 1 . . . . . . . Non-combat 1 | . . . . . . 1 . . . . . . . Combat . | . . . . . . . . . . . . . . Robot Hacks Applied 1 | . . . . . . 1 . . . . . . . parse_system 1 | . . . . . . 1 . . . . . . . Relay Couplers Released . | . . . . . . . . . . . . . . Fabnet Peak Effective % . | . . . . . . . . . . . . . . Robots Rewired 1 | . . . 1 . . . . . . . . . . Allies Hacked . | . . . . . . . . . . . . . . Hacks Repelled . | . . . . . . . . . . . . . . Allies | -11 -10 -10 -10 -9 -8 -7 -7 -7 -7 -6 -6 -6 -6 -------- Run | Scr Mat Min Exi Min Mat Fac Low Low Dat Pro Fac Was Fac Total Allies 6 | . . . 1 . . 1 . . . 1 3 . . Largest Group 3 | . . . 1 . . 1 . . . 1 3 . . Highest-Rated Group 96 | . . . 21 . . 8 . . . 96 90 . . Highest-Rated Ally 96 | . . . 21 . . 8 . . . 96 30 . . Total Orders . | . . . . . . . . . . . . . . Ally Attacks 34 | . . . . . . . . . . 14 20 . . Total Damage 1065 | . . . . . . . . . . 560 505 . . Kills 8 | . . . . . . . . . . 5 3 . . Allies Corrupted . | . . . . . . . . . . . . . . Allies Melted . | . . . . . . . . . . . . . . Intel | -11 -10 -10 -10 -9 -8 -7 -7 -7 -7 -6 -6 -6 -6 ------- Run | Scr Mat Min Exi Min Mat Fac Low Low Dat Pro Fac Was Fac Robot Analysis Total 4 | . . . . . 1 2 . . . . . . 1 Derelict Logs Recovered 5 | . . 1 . 2 . . 1 1 . . . . . Drone Launches . | . . . . . . . . . . . . . . Drone Recoveries . | . . . . . . . . . . . . . . Exploration | -11 -10 -10 -10 -9 -8 -7 -7 -7 -7 -6 -6 -6 -6 ------------- Run | Scr Mat Min Exi Min Mat Fac Low Low Dat Pro Fac Was Fac Turns Passed 5847 | 176 668 300 647 203 1244 723 215 206 31 415 720 64 235 Spaces Moved 5345 | 125 545 270 577 181 739 781 283 387 86 351 711 80 229 Core 17 | 13 . . . . . . . . . . 4 . . Treads 341 | . . . . . 322 3 16 . . . . . . Legs . | . . . . . . . . . . . . . . Wheels 2071 | 112 545 270 577 181 386 . . . . . . . . Hover 992 | . . . . . 31 778 180 . . . 3 . . Flight 1924 | . . . . . . . 87 387 86 351 704 80 229 Fastest Speed 29 | 50 80 95 80 80 80 48 35 29 36 36 31 42 42 Average Speed 75 | 79 84 95 88 80 121 70 57 35 36 91 38 76 62 Slowest Speed 280 | 90 95 95 95 80 280 240 170 115 36 127 250 82 119 Overloaded Moves . | . . . . . . . . . . . . . . Propulsion Burnouts . | . . . . . . . . . . . . . . Robots Hopped 9 | . . . . . . . . 1 . . 8 . . Cave-ins Triggered . | . . . . . . . . . . . . . . Exploration Rate (%) 46 | 5 50 56 91 44 51 15 53 58 71 57 20 70 7 Regions Visited 13 Branch Regions 7 Pre-discovered Areas . | . . . . . . . . . . . . . . Known Exits Taken 2 | . . . 1 . . 1 . . . . . . . Unknown Exits Taken 9 | 1 1 1 . 1 1 . 1 1 1 1 . . . Scrap Searched 11 | . . . . 1 . . 5 5 . . . . . Spaces Dug 1 | . . . . . . . . . . . 1 . . Terrain Destroyed 47 | . 19 . . . . . . . . . 2 . 26 Melee 1 | . . . . . . . . . . . 1 . . Projectile 1 | . . . . . . . . . . . 1 . . AOE 45 | . 19 . . . . . . . . . . . 26 Terrain Rammed . | . . . . . . . . . . . . . . Walls Destroyed . | . . . . . . . . . . . . . . Machines Disabled . | . . . . . . . . . . . . . . Actions | -11 -10 -10 -10 -9 -8 -7 -7 -7 -7 -6 -6 -6 -6 --------- Run | Scr Mat Min Exi Min Mat Fac Low Low Dat Pro Fac Was Fac Total 6660 | 170 676 295 655 222 987 939 320 438 85 426 1070 82 295 Wait 521 | 1 34 7 9 22 89 64 2 6 . 54 219 . 14 Move 5316 | 124 544 269 576 180 738 780 282 384 85 350 696 79 229 Hop 8 | . . . . . . . . 1 . . 7 . . Pick Up 177 | 18 24 2 14 3 38 18 1 13 . 6 26 2 12 Fast Attach . | . . . . . . . . . . . . . . Attach 121 | 7 4 . 4 2 21 19 8 11 . 2 35 1 7 Detach 33 | . . . . . . 8 5 4 . . 16 . . Swap 60 | 1 12 7 5 3 12 6 . 3 . 1 7 . 3 Drop 119 | 3 18 2 14 3 28 16 7 5 . 4 11 . 8 Fire 270 | 16 40 8 31 8 61 14 12 11 . 9 52 . 8 Melee 18 | . . . 1 . . 1 1 . . . 1 . 14 Ram 3 | . . . . 1 . . 2 . . . . . . Kick . | . . . . . . . . . . . . . . Crush . | . . . . . . . . . . . . . . Escape Stasis 13 | . . . . . . 13 . . . . . . . Rewire 1 | . . . 1 . . . . . . . . . . Trap . | . . . . . . . . . . . . . . Miscellaneous . | . . . . . . . . . . . . . . Route ------- -11/Scrapyard -10/Materials (discovered 4 exits: [*Mat x2] / [*Min x2]) -10/Mines -10/Exiles (discovered 2 exits: *Min x2) -9/Mines -8/Materials (discovered 2 exits: *Fac x2) -7/Factory -7/Lower Caves -7/Lower Caves (discovered 2 exits: *Fac / *Dat) -7/Data Miner -6/Proximity Caves -6/Factory (discovered 3 exits: *Fac x3) -6/Waste -6/Factory History --------- Turn | Location | Event 26 | -11/Scrapyard | Discovered new exit (range 16) 177 | -11/Scrapyard | Entered Materials 312 | -10/Materials | Discovered new exit (range 16) 322 | -10/Materials | Build established: Mutant 398 | -10/Materials | Discovered new exit (range 13) 469 | -10/Materials | Discovered new exit (range 6) 523 | -10/Materials | Core integrity fell below 50% 544 | -10/Materials | Lost 3 parts (2p1n) 593 | -10/Materials | Central database locked down 598 | -10/Materials | Discovered new exit (range 15) 845 | -10/Materials | Entered Mines 949 | -10/Mines | Build established: Scavenger-Mutant 1004 | -10/Mines | Received a Rocket Launcher from a helpful Derelict 1141 | -10/Mines | Deemed a non-threat by the Exiles lab entrance 1141 | -10/Mines | Discovered new exit (range 5) 1145 | -10/Mines | Entered Exiles 1145 | -10/Exiles | Found Exiles lab destroyed 1146 | -10/Exiles | Identified exit to Mines 1599 | -10/Exiles | Opened EX-Vault 1649 | -10/Exiles | Found Prototype Ballistic Gun 1651 | -10/Exiles | Identified AWS/Gauss 1792 | -10/Exiles | Entered Mines 1801 | -9/Mines | YI-UF0 nonchalantly dropped a Grenade Launcher on the ground 1853 | -9/Mines | Assembled infested the area 1858 | -9/Mines | Assisted by a Guerilla fighting off Assembled 1878 | -9/Mines | Core integrity fell below 20% 1913 | -9/Mines | Learned Materials terminal intel 1984 | -9/Mines | Learned Materials garrison access intel 1987 | -9/Mines | Discovered new exit (range 8) 1995 | -9/Mines | Entered Materials 1995 | -8/Materials | Evolved 4 slots: Propulsion x2, Utility x2 1996 | -8/Materials | Loaded intel: 12 terminal locations 1997 | -8/Materials | Loaded intel: 1 garrison access location 2842 | -8/Materials | Discovered new exit (range 10) 3229 | -8/Materials | Discovered new exit (range 7) 3239 | -8/Materials | Entered Factory 3239 | -7/Factory | Evolved 2 slots: Utility x2 3309 | -7/Factory | Identified exit to DSF 3350 | -7/Factory | Discovered new exit (range 5) 3474 | -7/Factory | Identified exit to Lower Caves 3540 | -7/Factory | Build established: Hacker-Mutant 3794 | -7/Factory | Fabricated R-06 Scavenger (x1) 3962 | -7/Factory | Entered Lower Caves 4064 | -7/Lower Caves | Attracted the attention of an 0b10 base 4161 | -7/Lower Caves | Learned location of 1 exit from Factory 4171 | -7/Lower Caves | Lost 7 parts (3n3u1w) 4173 | -7/Lower Caves | Discovered new exit (range 10) 4177 | -7/Lower Caves | Entered another Lower Caves area 4180 | -7/Lower Caves | Discovered new exit (range 15) 4329 | -7/Lower Caves | Learned location of 1 exit from Factory 4379 | -7/Lower Caves | Discovered new exit (range 9) 4381 | -7/Lower Caves | Attracted the attention of an 0b10 outpost 4383 | -7/Lower Caves | Entered Data Miner 4383 | -7/Data Miner | Discovered new exit (range 6) 4390 | -7/Data Miner | Met Data Miner 4405 | -7/Data Miner | Received God Mode back door access code from Data Miner 4414 | -7/Data Miner | Entered Proximity Caves 4434 | -6/Proximity Caves | Escorted by Enhanced Grunt 4452 | -6/Proximity Caves | Core integrity fell below 50% 4556 | -6/Proximity Caves | Build established: Derelict-Mutant 4821 | -6/Proximity Caves | Discovered new exit (range 12) 4829 | -6/Proximity Caves | Entered Factory 4829 | -6/Factory | Evolved 2 slots: Propulsion x1, Utility x1 4830 | -6/Factory | Identified exit to Factory 4830 | -6/Factory | Identified exit to DSF 4923 | -6/Factory | Fabricated L-41 Fighter (x3) 4988 | -6/Factory | Repaired Lightning Gun 5035 | -6/Factory | Discovered exit to Factory (range 10) 5272 | -6/Factory | Lost 8 parts (1p3n2u2w) 5399 | -6/Factory | Spotted B-75 Beast 5460 | -6/Factory | Build established: Hacker-Mutant 5549 | -6/Factory | Sucked down chute 5549 | -6/Factory | Entered Waste 5557 | -6/Waste | Spotted C-40 Crusher 5558 | -6/Waste | Spotted C-40 Crusher 5559 | -6/Waste | Spotted C-40 Crusher 5561 | -6/Waste | Spotted C-40 Crusher 5567 | -6/Waste | Crushed by Compactor (0 parts destroyed, 1 dropped) 5592 | -6/Waste | Spotted C-40 Crusher 5596 | -6/Waste | Discovered new exit (range 19) 5613 | -6/Waste | Entered Factory 5813 | -6/Factory | Central database locked down 5847 | -6/Factory | Core integrity fell below 50% 5848 | -6/Factory | Self-destructed Last Messages --------------- 05827_ Lgt. Angular Momentum Engine destroyed. 05828_ K-01 Serf collects debris. 05830_ Force Rifle destroyed. 05833_ K-01 Serf collects debris. 05833_ Gravity Neutralizer destroyed. 05837_ K-01 Serf collects debris. 05839_ S-27 Virus destroyed. 05840_ K-01 Serf collects debris. 05845_ Power Conduit explodes. 05845_ Destroyed Wheel. 05845_ K-01 Serf destroyed. 05845_ Destroyed Welding Torch. 05845_ Power Conduit explodes. 05845_ Unknown Processor melted. 05845_ U-05 Engineer destroyed. 05845_ Destroyed Lgt. Ion Engine. 05845_ ALERT: Construction progress impeded, dispatching reinforcements to local area. 05845_ U-05 Engineer sends out distress signal. 05847_ K-01 Serf collects debris. Map ----- +----------------------------------------------------+ | ?????????????????????????????????????????????????? | | ?????????????????????????????????????????????????? | | ?????????????????????????????????????????????????? | | ?????????????????????????????????????????????????? | | ?????????????????????????????????????????????????? | | ?????????????????????????????????????????????????? | | ?????????????????????????????????????????????????? | | ?????????????????????????????????????????????????? | | #####????????????????????????????????????????????? | | #????????????????????????????????????????????? | | #????????????????????????????????????????????? | | = #????????????????????????????????????????????? | | #????????????????????????????????????????????? | | " #????????????????????????????????????????????? | | " #????????????????????????????????????????????? | | " #????????????????????????????????????????????? | | #????????##############??????????????????????? | | " #????????# [ #??????????????????????? | | " #????????# #??????????????????????? | | " #????????# = #??????????????????????? | | #????????# #??????????????????????? | | #####????????# ! #??????????????????????? | | #?????????### #??????????????????????? | | #????????## #??????????????????????? | | #????????# s% #??????????????????????? | | #?????????# s @#??????????????????????? | | #?????????# #??????????????????????? | | #????????# #??????????????????????? | | ########?# #??????????????????????? | | #### ;######/#?????????????????? | | = k ? ? ??????????? | | ??????????? | | u ??????????? | | ###################### ####????????????? | | #####+#########??????????????????????????????????? | | # #??????????????????????????????????? | | # ##??????????????????????????????????? | | + #???????????????????????????????????? | | # #???????????????????????????????????? | | # """ """ #???????????????????????????????????? | | # """ """ #???????????????????????????????????? | | # """ """ #???????????????????????????????????? | | + #???????????????????????????????????? | | # #???????????????????????????????????? | | # #???????????????????????????????????? | | # == ????????????????????????????????????? | | # = ] ?????????????????????????????????????? | | ###########??????????????????????????????????????? | | ?????????????????????????????????????????????????? | | ?????????????????????????????????????????????????? | +----------------------------------------------------+ Best States ------------- Heat Dissipation 37 Energy Generation 18 Energy Capacity 290 Matter Stores 300 Matter Capacity 300 Sight Range 20 Robot Scan Range 15 Terrain Scan Density 10 Additional Mass Support 12 Armor Coverage 225 Evasion (%) 64 Targeting Accuracy 6 Recoil Reduction 2 Energy Filtering 30 Salvage Targeting 4 Offensive Hacking 20 Defensive Hacking 20 Item Schematics ----------------- Combat Drone Bay | -7/Data Miner | Free Lgt. Regenerative Plating | -7/Data Miner | Free Cld. Aerolev Unit | -7/Data Miner | Free Exp. Targeting Computer | -7/Data Miner | Free Antimatter Cannon | -7/Data Miner | Free Antigrav System | -7/Data Miner | Free Lyr. Heavy Armor Plating | -7/Data Miner | Free Matter Compressor | -7/Data Miner | Free Neutrino Core | -7/Data Miner | Free Hvy. Phase Cannon | -7/Data Miner | Free Imp. Cloaking Device | -7/Data Miner | Free Lrn. Proton Cannon | -7/Data Miner | Free HERF Cannon | -7/Data Miner | Free Mak. Flight Unit | -6/Factory | Scanalyzed Adv. Signal Interpreter | -6/Factory | Scanalyzed System Shield | -6/Factory | Hacked Robot Schematics ------------------ H-66 Slayer | -7/Data Miner | Free G-50 Soldier | -7/Data Miner | Free M-14 Sweeper | -7/Data Miner | Free R-10 Processor | -7/Data Miner | Free A-15 Conveyor | -7/Data Miner | Free Fabricated ------------ R-06 Scavenger | x1 | -7/Factory | Preloaded L-41 Fighter | x3 | -6/Factory | Preloaded Alien Tech Used ----------------- None Achievements -------------- None Challenges ------------ None Game ------ Seed GravitonAngularInsulator Manual? 0 Play Time 01:29:27 Cumulative 40.0 hours Start 2022.11.15 @ 23:18:55 End 2022.11.16 @ 19:25:09 Sessions 5 Manual Loads 0 Difficulty Rogue Special Mode None Game No. 19 Rogue 13 Adventurer 6 Explorer 0 Win Type - Total 0 Types 0/0/0/0/0/0/0/0/0 Lore% 28 Gallery% 36 Achievement% 31 Wizard Run 0 Options --------- ASCII 0 Keyboard 0 Movement Mouse Keybinds 0 Fullscreen 1 Font 18/SmallcapsGlow Map View 76x50 Tactical HUD 1 Map Filters NONE Filters NONE Steam 1 RUN: 353faae3-4613-4b98-9372-42fc538d4316